 Dungeon Crawl Stone Soup version 0.26-a0-652-gafc20e3620 (webtiles) character file.

Game seed: 12506805889869665366

1713 snetch the Cleaver (level 9, -1/75 HPs)
             Began as a Hill Orc Monk on Oct 1, 2020.
             Splashed by a jelly's acid (8 damage)
             ... on level 6 of the Dungeon on Oct 2, 2020.
             The game lasted 00:28:09 (7479 turns).

snetch the Cleaver (Hill Orc Monk)                  Turns: 7479, Time: 00:28:10

Health: -1/75      AC: 11    Str: 17    XL:     9   Next: 4%
Magic:  9/9        EV: 12    Int: 10    God:
Gold:   249        SH:  4    Dex: 13    Spells: 8/8 levels left

rFire    . . .     SeeInvis .   a - +0 hand axe
rCold    . . .     Faith    .   g - +0 buckler
rNeg     . . .     Spirit   .   J - +0 chain mail
rPois    .         Reflect  .   (no helmet)
rElec    .         Harm     .   (no cloak)
rCorr    .         Rampage  .   n - +0 pair of gloves
MR       .....                  (no boots)
Stlth    ..........             (no amulet)
HPRegen  0.22/turn              v - +4 ring of evasion
MPRegen  0.11/turn              L - +4 ring of protection

@: lethally poisoned (-1 -> -4), corroded, lightly drained
A: no striking features
a: no special abilities


You were on level 6 of the Dungeon.
You visited 1 branch of the dungeon, and saw 7 of its levels.
You also visited: Sewer.

You collected 249 gold pieces.

Inventory:

Hand Weapons
 a - a +0 hand axe (weapon)
 C - a +1 battleaxe
 D - a +0 flail
Missiles
 c - 152 arrows
 d - 14 poisoned darts (quivered)
 e - 58 bolts
 o - 54 sling bullets
 p - 12 atropa-tipped darts
 u - a throwing net
 E - 150 stones
Armour
 g - a +0 buckler (worn)
 n - a +0 pair of gloves (worn)
 s - a +1 robe of fire resistance
 G - the +3 cloak of the Tormentor {rC++ Regen+ Int+2 Slay-4}
   (You found it on level 4 of the Dungeon)

   It affects your intelligence (+2).
   It affects your accuracy and damage with ranged weapons and melee attacks
   (-4).
   It greatly protects you from cold.
   It increases your rate of regeneration.
 J - a +0 chain mail (worn)
Jewellery
 h - an uncursed ring of positive energy {unknown}
 l - an uncursed ring of protection from cold
 v - a +4 ring of evasion (left hand)
 L - a +4 ring of protection (right hand)
Wands
 b - a wand of random effects (16)
 x - a wand of polymorph (7)
 B - a wand of paralysis (10)
Scrolls
 j - 6 scrolls of fog
 k - 4 scrolls of amnesia
 m - 2 scrolls of immolation
 q - 3 scrolls of fear
 w - 3 scrolls of teleportation
 y - 3 scrolls of blinking
 z - 2 scrolls of magic mapping
 A - a scroll of remove curse
 K - a scroll of enchant weapon
Potions
 f - 3 potions of curing
 i - a potion of flight
 r - a potion of lignification
 t - 2 potions of ambrosia
 F - a potion of brilliance


   Skills:
 + Level 5.7(5.5) Fighting
 * Level 10.5(10.3) Axes
 + Level 3.3(3.2) Throwing
 * Level 5.7(5.5) Armour
 + Level 3.0(2.9) Dodging
 + Level 1.7(1.6) Stealth
 + Level 2.1(1.9) Shields


You had 8 spell levels left.
You didn't know any spells.
Your spell library contained the following spells:

 Spells                   Type           Power        Failure   Level
 Animate Skeleton         Necr           #.....       99%         1
 Apportation              Tloc           #.....       99%         1
 Beastly Appendage        Tmut           #.....       99%         1
 Corona                   Hex            #......      99%         1
 Summon Small Mammal      Summ           #...         99%         1
 Wereblood                Tmut           #.......     100%        2
 Spider Form              Tmut/Pois      #.........   100%        3
 Ice Form                 Ice/Tmut       #.......     100%        4
 Blade Hands              Tmut           #.........   100%        5


Dungeon Overview and Level Annotations

Branches:
Dungeon (7/15)              Sewer (visited)
 Temple: D:4-7

Altars:
Fedhas

Annotations:
D:4 1 runed translucent door, Pooter's ghost, amateur MiFi


Message History

The killer bee stings you but does no damage.
The jelly hits you but does no damage. The killer bee misses you.
Unknown command.
You barely miss the killer bee. You hit the jelly but do no damage.
Your hands burn!
* * * LOW HITPOINT WARNING * * *
The killer bee stings you.
* * * LOW HITPOINT WARNING * * *
You are poisoned.
The killer bee poisons you! The jelly closely misses you.
The killer bee stings you but does no damage.
Throwing (i - inventory. (/) - cycle)
d - 15 poisoned darts (quivered)
Press: ? - help, Shift-Dir - straight line, f/p - killer bee
Aim: a killer bee You throw a poisoned dart.
The poisoned dart closely misses the killer bee.
You feel sick. The killer bee barely misses you. The jelly hits you.
* * * LOW HITPOINT WARNING * * *
You are splashed with acid!
You die...

#≈≈≈≈.........##.....#
#####..##(######.....#
##.##.# #.....# #..#.#
#.....# ##.#.# #.....#
#...# #.....# ##..#
#.....# #Jy# #.....#
##@# #.....# #(#
#.....##### #(#
#.......... ###
#######.### #.# #.#
#.# #.# #.#


You could see a jelly and a killer bee.

Vanquished Creatures
  A black bear (D:6)
  An ogre (D:4)
  8 centaurs
  A big kobold (Sewer)
  A killer bee (D:6)
  4 wights (D:6)
  3 howler monkeys (D:6)
  2 hounds (D:5)
  2 centaur skeletons
  A bullfrog skeleton (D:3)
  An orc wizard (D:3)
  Ijyb (D:5)
  A worker ant (D:6)
  A hound zombie (D:6)
  10 adders
  4 river rats (Sewer)
  An ooze (D:2)
  An adder zombie (D:5)
  3 worms
  2 dart slugs
  3 leopard geckos
  5 orcs
  8 giant cockroaches
  14 hobgoblins
  15 jackals
  4 quokkas
  7 ball pythons
  6 bats
  8 frilled lizards
  9 goblins
  18 kobolds
  A quokka skeleton (D:5)
  11 rats
158 creatures vanquished.

Notes
Turn   | Place    | Note
-------+----------+-------------------------------------------
     0 | D:1      | snetch the Hill Orc Monk began the quest for the Orb.
     0 | D:1      | Reached XP level 1. HP: 19/19 MP: 1/1
   108 | D:1      | Reached XP level 2. HP: 27/27 MP: 2/2
   593 | D:1      | Reached XP level 3. HP: 31/33 MP: 3/3
   720 | D:1      | Reached skill level 5 in Axes
  1329 | D:2      | Reached XP level 4. HP: 40/40 MP: 4/4
  1341 | D:2      | Reached skill level 1 in Armour
  1735 | D:2      | Reached skill level 6 in Axes
  2200 | D:4      | Found a blossoming altar of Fedhas.
  2205 | D:4      | Noticed a centaur
  2517 | D:4      | Noticed Pooter's ghost (amateur MiFi)
  2526 | D:4      | Found a runed translucent door.
  2595 | D:4      | Reached XP level 5. HP: 31/46 MP: 5/5
  2730 | D:4      | Found a glowing drain.
  2753 | Sewer    | Entered a sewer
  3289 | Sewer    | Reached skill level 7 in Axes
  3323 | Sewer    | Noticed a big kobold
  3350 | Sewer    | Killed a big kobold
  3350 | Sewer    | Reached XP level 6. HP: 39/53 MP: 6/6
  4102 | D:3      | Reached skill level 8 in Axes
  4653 | D:4      | Reached XP level 7. HP: 51/60 MP: 7/7
  4741 | D:4      | Reached skill level 1 in Shields
  4856 | D:4      | Got a spiked cloak
  4861 | D:4      | Identified the +3 cloak of the Tormentor {rC++ Regen+ Int+2
                  | Slay-4} (You found it on level 4 of the Dungeon)
  5206 | D:5      | Entered Level 5 of the Dungeon
  5380 | D:5      | Reached skill level 9 in Axes
  5531 | D:5      | Noticed Ijyb
  5575 | D:5      | Killed Ijyb
  6268 | D:6      | Reached skill level 5 in Fighting
  6325 | D:6      | Reached XP level 8. HP: 13/68 MP: 8/8
  6863 | D:6      | Reached skill level 1 in Throwing
  6863 | D:6      | Reached skill level 10 in Axes
  6870 | D:6      | Reached skill level 5 in Armour
  7322 | D:6      | Reached XP level 9. HP: 44/75 MP: 9/9
  7479 | D:6      | Splashed by a jelly's acid

Illustrated notes

Levels and vault maps discovered:
D:1:      matt_arrival_spirals, layout_basic, minmay_misc_feat_secret_circle
D:2:      layout_basic
D:3:      layout_basic, hangedman_decor_points
D:4:      layout_loops_ring, fedhas_bush_and_centaur_altar,
          portal_sewer_entry_b, hellmonk_ghost_happy_afterlife,
          grunt_ministairs_4, minmay_misc_feat_ornament
D:5:      layout_basic, uniq_ijyb
D:6:      black_bear_nest_2, layout_basic, serial_park_tiny_2, centaur_isle
D:7:      layout_cave_pods, grunt_temple_overflow_opulence,
          kennysheep_mini_moat, minmay_temple_entry_gardened_gates,
          serial_shops, shop_scrolls, shop_fountains,
          nicolae_shop_overgrown_old_shop, shop, basic_altar,
          kennysheep_decorative_pillar, uniq_harold

Skill      XL: |  1  2  3  4  5  6  7  8 |
---------------+-------------------------+-----
Fighting       | 4 5 |  5.7
Axes           | 5 6 7 8 9 10 | 10.5
Armour         | 1 2 4 5 |  5.7
Shields        | 1 2 |  2.1
Dodging        | 3 |  3.0
Throwing       | 3 |  3.3
Stealth        | |  1.7

Action                   |  1- 3 |  4- 6 |  7- 9 || total
-------------------------+-------+-------+-------++-------
Melee: Hand axe          |   108 |   360 |   208 ||   676
Throw: Dart              |     3 |     3 |    59 ||    65
Evoke: Wand              |       |       |     1 ||     1
  Use: Scroll            |       |     8 |     6 ||    14
       Potion            |       |     4 |     2 ||     6
Armor: Ring mail         |    52 |   115 |     5 ||   172
       Chain mail        |       |       |   106 ||   106
       Scale mail        |       |       |    16 ||    16
Dodge: Dodged            |    97 |   196 |   168 ||   461
Block: Buckler           |     4 |    58 |    47 ||   109

Table legend: (Time is in decaauts)
 A = Elapsed time spent in this place.
 B = Non-inter-level travel time spent in this place.
 C = Inter-level travel time spent in this place.
 D = Time resting spent in this place.
 E = Time spent auto-exploring this place.
 F = Levels seen in this place.
 G = Mean time per level.
                   A        B        C        D        E       F      G
               +--------+--------+--------+--------+--------+-----+--------+
         Total |   7541 |   7069 |    472 |    663 |   4242 |   8 |  942.6 |
       Dungeon |   6504 |   6032 |    472 |    663 |   3519 |   7 |  929.1 |
         Sewer |   1037 |   1037 |      0 |      0 |    723 |   1 | 1037.0 |
               +--------+--------+--------+--------+--------+-----+--------+

Top non-repeatable levels by time:
     D:4: 1287 daAuts
     D:6: 1216 daAuts
     D:2: 1049 daAuts
     D:1: 1047 daAuts
   Sewer: 1037 daAuts
     D:3: 1028 daAuts
     D:5: 860 daAuts
     D:7: 14 daAuts
